 Dungeon Crawl Stone Soup version 0.32-a0-933-ga8fa363 (webtiles) character file.

Game seed: 15333717291841727400

9543 Coo1 the Summoner (level 11, -7/118 HPs)
             Began as a Demonspawn Hedge Wizard on Apr 14, 2024.
             Was a Believer of Ashenzari.
             Killed from afar by an efreet (16 damage)
             ... with a bolt of fire
             ... on level 11 of the Dungeon.
             The game lasted 00:47:59 (13710 turns).

Coo1 the Summoner (Demonspawn Hedge Wizard)        Turns: 13710, Time: 00:48:00

Health: -7/118     AC:  5    Str: 10    XL:     11   Next: 24%
Magic:  13/17      EV: 20    Int: 21    God:    Ashenzari [**....]
Gold:   763        SH:  5    Dex: 19    Spells: 3/18 levels left

rFire   . . .        J - +5 long sword
rCold   . . .        (no shield)
rNeg    . . .        w - +0 toga "Victory" {*Victory Clar}
rPois   .            (helmet unavailable)
rElec   .            j - +0 cloak "I Knew You'd Do That" {Melee, Dev} (curse)
rCorr   .            o - +1 pair of gloves
SInv    +            (no boots)
Will    .....        D - amulet of Ashenzari's Oracle {Reflect SH+5, Elem, Self} (curse) Stlth
                     k - ring of Ashenzari's Seeker {EV+5, Sorc, Dev} (curse)
HPRegen 0.39/turn    l - +6 ring of dexterity
MPRegen 0.15/turn

%: reflection, clarity
@: berserking, wreathed by umbra, inugami summoned, very quick
A: horns 3, demonic guardian 2, big brain 1, foul shadow 1
a: Renounce Religion, Shatter the Chains


You were on level 11 of the Dungeon.
You worshipped Ashenzari.
Ashenzari was pleased with you.
You visited 2 branches of the dungeon, and saw 12 of its levels.
You also visited: Sewer.

You collected 763 gold pieces.

Inventory:

Hand Weapons
 I - a +4 great sword
 J - a +5 long sword (weapon)
 K - a +1 scimitar
Missiles
 b - a curare-tipped dart
 E - 2 throwing nets
Armour
 j - the cursed +0 cloak "I Knew You'd Do That" (worn) {Melee, Dev}
   (You found it on level 1 of the Dungeon)

   It has a curse which improves the following skills: Melee Combat: Short
   Blades, Long Blades, Axes, Maces & Flails, Polearms, Staves and Unarmed
   Combat.
   Devices:   Evocations and Shapeshifting.
 o - a +1 pair of gloves (worn)
 w - the +0 toga "Victory" (worn) {*Victory Clar}
   (You found it on level 10 of the Dungeon)

   *Victory:  When the wearer kills a threatening monster, it has a chance to
   gain +1 AC, +1 Slay, and +1 Int, capping at +7.
   When the wearer uses a scroll or a potion with a hostile monster in sight,
   its bonuses reset to +0.
   Unequipping it also resets its bonuses to +0.
   Clar:      It protects you from confusion, rage, mesmerisation and fear.
Jewellery
 c - a ring of ice
 h - an amulet of guardian spirit
 k - the cursed ring of Ashenzari's Seeker (left hand) {EV+5, Sorc, Dev}
   (You found it on level 1 of the Dungeon)

   [ring of evasion]

   EV+5:      It affects your evasion (+5).
   It has a curse which improves the following skills: Sorcery: Conjurations and
   Alchemy.
   Devices:   Evocations and Shapeshifting.
 l - a +6 ring of dexterity (right hand)
 t - a +6 ring of strength
 D - the cursed amulet of Ashenzari's Oracle (around neck) {Reflect SH+5, Elem, Self}
   (You found it on level 11 of the Dungeon)

   [amulet of reflection]

   Reflect:   It reflects blocked missile attacks.
   SH+5:      It affects your SH (+5).
   It has a curse which improves the following skills: Elements: Fire Magic, Ice
   Magic, Air Magic and Earth Magic.
   Introspection: Fighting and Spellcasting.
 L - a ring of protection from cold
Wands
 u - a wand of polymorph (5)
 x - a wand of flame (7)
 G - a wand of warping (22)
 H - a wand of digging (1)
Scrolls
 a - a scroll of fear
 f - 6 scrolls of teleportation
 g - 2 scrolls of amnesia
 m - a scroll of revelation
 y - 4 scrolls of enchant weapon
 A - 3 scrolls of fog
 B - 3 scrolls of enchant armour
 M - a scroll of vulnerability
 O - a scroll of blinking
Potions
 d - a potion of magic
 e - 2 potions of mutation
 i - 2 potions of might
 n - 2 potions of attraction
 p - a potion of berserk rage
 q - 2 potions of heal wounds
 r - 2 potions of resistance
 s - 3 potions of haste
 v - 4 potions of curing
 z - 3 potions of cancellation
 C - a potion of enlightenment
 F - a potion of invisibility
 N - 2 potions of ambrosia


   Skills:
 - Level 4.0(5.0) Fighting
 + Level 5.7(6.9) Short Blades
 - Level 5.0 Armour
 + Level 6.9 Dodging
 - Level 3.0 Stealth
 - Level 3.0(4.0) Spellcasting
 + Level 4.9(6.0) Conjurations
 - Level 10.0 Summonings
 - Level 0.8 Translocations
 - Level 3.6(4.7) Fire Magic
 + Level 4.7(5.8) Alchemy


You had 3 spell levels left.
You knew the following spells:

 Your Spells              Type           Power      Damage    Failure   Level
a - Call Imp              Summ           92%        N/A       1%          2
b - Call Canine Familiar  Summ           46%        N/A       1%          3
c - Summon Blazeheart Go  Fire/Summ      35%        N/A       6%          4
e - Irradiate             Conj/Alch      14%        3d16      28%         5
f - Magic Dart            Conj           100%       1d8       1%          1

Your spell library contained the following spells:

 Spells                   Type           Power      Damage    Failure   Level
 Summon Small Mammal      Summ           100%       N/A       1%          1
 Mephitic Cloud           Conj/Alch/Air  21%        N/A       7%          3
 Cigotuvi's Dreadful Rot  Necr/Alch/Air  24%        N/A       9%          2
 Hailstorm                Conj/Ice       17%        3d6       10%         3
 Freeze                   Ice            16%        1d4       12%         1
 Slow                     Hex            16%        N/A       12%         1
 Blink                    Tloc           14%        N/A       13%         2
 Sublimation of Blood     Necr           4%         N/A       19%         2
 Maxwell's Portable Pile  Tloc           7%         2d(5-15)  26%         3
 Frozen Ramparts          Ice            8%         1d2       34%         3
 Petrify                  Alch/Erth      16%        N/A       34%         4
 Arcjolt                  Conj/Air       8%         1d18      67%         5
 Maxwell's Capacitive Co  Air            2%         ∞         100%        8


Dungeon Overview and Level Annotations

Branches:
Dungeon (11/15) Zot: 26204  Temple (1/1) D:7 Zot: 5970    Lair (0/5) D:8
  Sewer (visited)
    Orc: D:9-12

Altars:
Ashenzari
Cheibriados
Dithmenos
Fedhas
Gozag
Hepliaklqana
Kikubaaqudgha
Makhleb
Nemelex Xobeh
Okawaru
Qazlal
Ru
Sif Muna
Trog
Uskayaw
Vehumet
Wu Jian
Xom
Yredelemnul
Lugonu

Shops:
D:1 =   D:2 =

Annotations:
D:2 exclusion: 2 gnolls
D:5 1 exclusion
D:9 2 transporters, 9stopf's ghost, journeyman NaIE
D:11 1 transporter, Lodul


Innate Abilities, Weirdness & Mutations

You have a pair of large horns on your head.
A demonic guardian rushes to your aid.
You have an unusually large brain. (Int +2)
You are faintly shadowed, very rarely releasing foul flame when damaged in melee.


Message History

The efreet gestures at you.
The bolt of fire hits the orc priest!!
The orc priest dies!
The bolt of fire hits you!!
The bolt of fire hits your cerulean imp!
Your cerulean imp dies!
Your cerulean imp disappears in a puff of smoke!
The efreet gestures at you.
The fireball explodes!
The fireball engulfs you!!
You hear a shout! x3
Things that are here:
a +0 dagger of draining; a +0 leather armour; an orc corpse The efreet gestures at you.
The fireball explodes!
The fireball engulfs you!
* * * LOW HITPOINT WARNING * * *
You block the efreet's attack.
Casting: Call Canine Familiar (safe; 1% risk of failure)
Confirm with . or Enter, or press ? or * to list all spells.
Okay, then.
You slash the efreet!
The efreet is moderately wounded.
The efreet closely misses you.
Casting: Call Canine Familiar (safe; 1% risk of failure)
Confirm with . or Enter, or press ? or * to list all spells.
Okay, then.
Unknown command.
A red film seems to cover your vision as you go berserk!
You feel yourself moving faster!
You feel mighty!
Your inugami hits the efreet! The efreet gestures at you.
The fireball explodes!
The fireball engulfs you!!
* * * LOW HITPOINT WARNING * * *
A demonic guardian appears!
The fireball engulfs the efreet.
The efreet completely resists.
The fireball engulfs your inugami!!
You hear an angry hiss.
You are too berserk!
You completely miss the efreet.
The efreet is heavily wounded.
The efreet gestures at you. The bolt of fire hits you!
You die...

#..y##...............
ylS#................. {
#####.#'####..........
###..........#..........
.....#.......#..........
.#...#.......#..........
.'...#.......').......#
.#...#......##..h.....#
.#...#......#...@R....#
##...#.....(#.........#
.....#......#..4......#
.....#......#.........#
.....########........##
......... .........#
)......... #####..K..#
<.....#### #K....#
......#


You could see a kobold demonologist, an efreet (ally target), a kobold brigand,
a friendly ice devil (summoned) and a friendly inugami (summoned).

Vanquished Creatures
  Fannar (D:10)
  A troll (D:10)
  2 slime creatures (D:10)
  4 yaks (D:9)
  2 steam dragons
  A warg (D:8)
  A vampire mosquito (D:6)
  An ice beast (D:5)
  A black bear (D:7)
  4 orc warriors
  2 ogres
  2 wolves (D:8)
  3 kobold brigands
  2 bullfrogs
  A gnoll sergeant (D:9)
  A scorpion (D:4)
  8 wights
  9 killer bees
  A howler monkey (D:11)
  A gnoll bouda (D:9)
  4 hounds
  2 orc wizards (D:9)
  5 adders
  11 gnolls
  2 river rats (D:4)
  2 ufetubi
  2 ribbon worms
  A dart slug (D:3)
  16 orcs
  8 bats
  4 endoplasms
  3 giant cockroaches
  8 goblins
  5 hobgoblins
  10 jackals
  13 kobolds
  4 quokkas
  17 ball pythons
  2 frilled lizards
  13 rats
180 creatures vanquished.

Vanquished Creatures (collateral kills)
  A kobold demonologist (D:6)
  A komodo dragon (D:10)
  Grinder (D:5)
  2 slime creatures (D:10)
  A shadow (D:10)
  A vampire (D:10)
  2 yaks (D:9)
  Edmund (D:6)
  Menkaure (D:6)
  A water moccasin (D:9)
  2 ice beasts (D:8)
  3 ogres
  2 black bears
  2 centaurs (D:9)
  3 bullfrogs
  A kobold brigand (D:7)
  A gnoll sergeant (D:9)
  2 scorpions
  5 wights
  6 killer bees
  3 howler monkeys (D:9)
  An electric eel (D:7)
  3 hounds
  2 jellies
  A bombardier beetle (D:6)
  2 orc priests
  A gnoll bouda (D:7)
  3 iguanas
  4 orc wizards
  Robin (D:3)
  16 gnolls
  4 adders
  5 river rats
  A shadow imp (D:6)
  2 ufetubi
  A dart slug (D:2)
  14 orcs
  9 ball pythons (Sewer)
  An endoplasm (Sewer)
  2 giant cockroaches (D:4)
  8 goblins
  3 hobgoblins
  2 jackals (D:5)
  9 kobolds
  A quokka (D:2)
  A bat (D:2)
  A frilled lizard (Sewer)
  16 rats
156 creatures vanquished.

Vanquished Creatures (others)
  An orc priest (D:11)
  A kobold (D:7)
2 creatures vanquished.

Grand Total: 338 creatures vanquished

Notes
Turn   | Place    | Note
-------+----------+-------------------------------------------
     0 | D:1      | Coo1 the Demonspawn Hedge Wizard began the quest for the
                  | Orb.
     0 | D:1      | Reached XP level 1. HP: 13/13 MP: 4/4
   311 | D:1      | Gained mutation: You have a pair of small horns on your
                  | head. [demonic ancestry]
   311 | D:1      | Reached XP level 2. HP: 19/19 MP: 3/6
   526 | D:1      | Reached skill level 2 in Summonings
   839 | D:1      | Gained mutation: A weak demonic guardian rushes to your
                  | aid. [demonic ancestry]
   839 | D:1      | Reached XP level 3. HP: 21/24 MP: 2/7
   954 | D:1      | Found Unaanwoh's Jewellery Emporium.
  1538 | D:2      | Learned a level 2 spell: Call Imp
  1542 | D:2      | Learned a level 3 spell: Call Canine Familiar
  1593 | D:2      | Found Voppium's Jewellery Emporium.
  2352 | D:3      | Reached skill level 3 in Summonings
  2371 | D:3      | Noticed Robin
  2386 | D:3      | Gained mutation: A demonic guardian rushes to your aid.
                  | [demonic ancestry]
  2386 | D:3      | Reached XP level 4. HP: 26/30 MP: 6/8
  2397 | D:3      | Killed Robin
  3013 | D:3      | Reached skill level 4 in Summonings
  3027 | D:3      | Gained mutation: You have an unusually large brain. (Int
                  | +2) [demonic ancestry]
  3027 | D:3      | Reached XP level 5. HP: 35/35 MP: 7/9
  3270 | D:4      | Found a bloodstained altar of Trog.
  3299 | D:4      | Reached skill level 5 in Summonings
  3327 | D:4      | Gained mutation: You are faintly shadowed, very rarely
                  | releasing foul flame when damaged in melee. [demonic
                  | ancestry]
  3327 | D:4      | Reached XP level 6. HP: 41/41 MP: 4/10
  3664 | D:4      | Reached skill level 6 in Summonings
  3667 | D:4      | Found a glowing drain.
  3674 | Sewer    | Entered a sewer
  4023 | Sewer    | Reached skill level 7 in Summonings
  4023 | Sewer    | Reached XP level 7. HP: 27/47 MP: 6/11
  4303 | D:4      | Identified the +0 ring mail of Okawaru's Inspiration {rF+}
  4363 | D:4      | Reached skill level 1 in Fighting
  4488 | D:4      | Found a shimmering altar of Xom.
  4488 | D:4      | Found an ornate altar of the Wu Jian Council.
  4743 | D:5      | Entered Level 5 of the Dungeon
  5495 | D:5      | Gained mutation: You have a pair of horns on your head.
                  | [demonic ancestry]
  5495 | D:5      | Reached XP level 8. HP: 56/58 MP: 6/12
  5671 | D:5      | Noticed Grinder
  5899 | D:5      | Killed Grinder
  5900 | D:5      | Reached skill level 8 in Summonings
  6132 | D:5      | Found a shimmering blue altar of Sif Muna.
  6366 | D:6      | Found a broken altar of Ashenzari.
  6366 | D:6      | Noticed Menkaure
  6374 | D:6      | Killed Menkaure
  6562 | D:6      | Identified the +3 ring mail of Etamuaq {rC+ Str+3 Int+3}
  6751 | D:6      | Noticed Edmund
  6767 | D:6      | Killed Edmund
  6768 | D:6      | Reached skill level 1 in Armour
  6768 | D:6      | Reached skill level 5 in Dodging
  6835 | D:6      | Noticed a kobold demonologist
  6887 | D:6      | Found a blossoming altar of Fedhas.
  6894 | D:6      | Found a burning altar of Makhleb.
  6901 | D:6      | Found a stormy altar of Qazlal.
  6930 | D:6      | Found a snail-covered altar of Cheibriados.
  6936 | D:6      | Found an iron altar of Okawaru.
  7269 | D:6      | Found a sacrificial altar of Ru.
  7595 | D:7      | Reached XP level 9. HP: 65/65 MP: 7/13
  7600 | D:7      | Found an opulent altar of Gozag.
  7624 | D:7      | Reached skill level 9 in Summonings
  7683 | D:7      | Noticed a boulder beetle
  7960 | D:7      | Found a staircase to the Ecumenical Temple.
  7971 | Temple   | Entered the Ecumenical Temple
  8083 | D:6      | Became a worshipper of Ashenzari the Shackled
  8262 | D:6      | Reached skill level 1 in Fire Magic
  8388 | D:7      | Reached skill level 5 in Armour
  8436 | D:7      | Reached skill level 1 in Short Blades
  8732 | D:7      | Learned a level 4 spell: Summon Blazeheart Golem
  8840 | D:7      | Noticed a nameless horror
  9909 | D:8      | Found a hazy altar of Hepliaklqana.
 10086 | D:8      | Noticed a two-headed ogre
 10275 | D:6      | Gained mutation: You have a pair of large horns on your
                  | head. [demonic ancestry]
 10275 | D:6      | Reached XP level 10. HP: 71/71 MP: 10/14
 10288 | D:6      | Reached skill level 10 in Summonings
 10421 | D:8      | Found a staircase to the Lair.
 10654 | D:9      | Found a transporter.
 10656 | D:9      | Found a transporter.
 10656 | D:9      | Identified the +0 ring mail of the Tarantula {*Slow rCorr
                  | Dex+4}
 10656 | D:9      | Identified the +3 great mace "Transmigrator" {flame, Dex+3}
 10656 | D:9      | Noticed a two-headed ogre
 10706 | D:9      | Reached skill level 1 in Alchemy
 10810 | D:9      | Reached * piety under Ashenzari
 11404 | D:9      | Reached ** piety under Ashenzari
 11411 | D:9      | Learned a level 5 spell: Irradiate
 11412 | D:9      | Noticed 9stopf's ghost (journeyman NaIE)
 11413 | D:9      | Noticed a two-headed ogre
 11414 | D:9      | Noticed a two-headed ogre
 11768 | D:10     | Entered Level 10 of the Dungeon
 11768 | D:10     | Noticed Fannar
 11846 | D:9      | Noticed a two-headed ogre
 11948 | D:10     | Identified the +0 plate armour "Deck" {rElec rF+}
 11989 | D:10     | Reached skill level 5 in Short Blades
 12132 | D:10     | Found a hide-covered altar of Uskayaw.
 12203 | D:10     | Reached XP level 11. HP: 21/77 MP: 9/15
 12609 | D:10     | Killed Fannar
 12797 | D:10     | Found the +0 toga "Victory" {*Victory Clar}
 13517 | D:11     | Found a transporter.
 13533 | D:11     | Noticed Lodul
 13692 | D:11     | Identified the ring "Cetos" {rF- rC+ rN+ SInv Stlth+}
 13710 | D:11     | Killed from afar by an efreet

Illustrated notes

Levels and vault maps discovered:
D:1:      amcnicky_arrival_choice, layout_basic, serial_shops, shop,
          minivault_14, roderic_roman_lattice, amethyst_killhole
D:2:      layout_basic, serial_shops, shop
D:3:      layout_loops_ring, uniq_robin
D:4:      layout_loops_ring, mainiacjoe_overflow_chevrons,
          nicolae_overflow_two_pavilions, portal_sewer_entry_e
D:5:      layout_basic, tgw_sif, uniq_grinder
D:6:      layout_loops_ring, hangedman_ru_absence,
          nicolae_overflow_crystal_walls, nicolae_overflow_hallway_of_the_gods,
          uniq_menkaure, uniq_edmund
D:7:      layout_basic, pdpol_temple_overflow_zin_treasury_gozag_greed,
          temple_statues, serial_rivers, chequers_serial_rivers_room_a,
          chequers_serial_rivers_marsh, chequers_serial_rivers_small_3,
          chequers_serial_rivers_micro_d, chequers_serial_rivers_micro_a,
          enter_bailey_5, amcnicky_mini_pool_medium
D:8:      layout_rooms, kennysheep_little_box, erik_lair_orcish_takeover
D:9:      layout_basic, gammafunk_ghost_smash, dreamdust_wishing_well
D:10:     layout_rooms, mainiacjoe_overflow_boulevard, uniq_fannar
D:11:     layout_irregular_city, gammafunk_ghost_berserking_beasts,
          uniq_josephine, uniq_lodul
Temple:   corrupted_temple

Skill      XL: |  1  2  3  4  5  6  7  8  9 10 |
---------------+-------------------------------+-----
Stealth        | 2 3 |  3.0
Summonings     | 2 3 4 5 7 8 9 10 | 10.0
Dodging        | 2 3 5 6 |  6.9
Fighting       | 3 4 |  4.0
Armour         | 2 5 |  5.0
Fire Magic     | 3 |  3.6
Short Blades   | 3 5 |  5.7
Alchemy        | 4 |  4.7
Conjurations   | 4 |  4.9
Spellcasting   | |  3.0
Translocations | |  0.8

Action                     |  1- 3 |  4- 6 |  7- 9 | 10-12 || total
---------------------------+-------+-------+-------+-------++-------
  Melee: Dagger            |   133 |    70 |       |       ||   203
         Headbutt          |    18 |    22 |    27 |    58 ||   125
         Quarterstaff      |       |    68 |   118 |       ||   186
         Long sword        |       |       |    38 |   192 ||   230
   Cast: Magic Dart        |    46 |       |       |       ||    46
         Call Imp          |    11 |    20 |    59 |    29 ||   119
         Call Canine Famil |       |     8 |    41 |    21 ||    70
         Summon Blazeheart |       |       |     7 |     7 ||    14
 Invoke: Curse Item        |       |       |     1 |     3 ||     4
         Shatter the Chain |       |       |       |     1 ||     1
    Use: Scroll            |       |     2 |     6 |     1 ||     9
         Potion            |       |     2 |       |     4 ||     6
   Stab: Sleeping          |     4 |     8 |       |     1 ||    13
         Distracted        |       |     5 |     3 |     8 ||    16
 Armour: Robe              |    64 |    99 |    42 |    22 ||   227
         Ring mail         |       |       |    83 |   111 ||   194
  Dodge: Dodged            |   134 |   232 |   280 |   285 ||   931
  Block: Other             |       |       |       |    13 ||    13

Table legend: (Time is in decaauts)
 A = Elapsed time spent in this place.
 B = Non-inter-level travel time spent in this place.
 C = Inter-level travel time spent in this place.
 D = Time resting spent in this place.
 E = Time spent auto-exploring this place.
 F = Levels seen in this place.
 G = Mean time per level.
                   A        B        C        D        E       F      G
               +--------+--------+--------+--------+--------+-----+--------+
         Total |  13863 |  12960 |    903 |    499 |   8199 |  13 | 1066.4 |
       Dungeon |  13323 |  12435 |    888 |    405 |   7941 |  11 | 1211.2 |
        Temple |     29 |     14 |     15 |      0 |      0 |   1 |   29.0 |
         Sewer |    510 |    510 |      0 |     94 |    258 |   1 |  510.0 |
               +--------+--------+--------+--------+--------+-----+--------+

Top non-repeatable levels by time:
     D:7: 1914 daAuts
     D:1: 1598 daAuts
     D:5: 1587 daAuts
     D:6: 1552 daAuts
     D:9: 1316 daAuts
    D:10: 1153 daAuts
     D:4: 1078 daAuts
     D:3: 858 daAuts
     D:8: 839 daAuts
     D:2: 739 daAuts
    D:11: 684 daAuts
   Sewer: 510 daAuts
  Temple: 29 daAuts
